 Dungeon Crawl Stone Soup version 0.21-a0-257-gbb444f2 (webtiles) character file.

84 Deeps the Skirmisher (level 4, -2/37 HPs)
             Began as a Demonspawn Fighter on Sept 6, 2017.
             Killed from afar by an oklob plant (15 damage)
             ... with a splash of acid
             ... on level 2 of the Dungeon.
             The game lasted 00:02:36 (1816 turns).

Deeps the Skirmisher (Demonspawn Fighter)           Turns: 1816, Time: 00:02:37

Health: -2/37      AC:  6    Str: 18    XL:     4   Next: 24%
Magic:  4/4        EV:  7    Int:  9    God:
Gold:   89         SH:  8    Dex: 12    Spells: 3/3 levels left

rFire    . . .     SeeInvis .   a - +0 war axe
rCold    . . .     Gourm    .   c - +0 shield
rNeg     . . .     Faith    .   b - +0 scale mail
rPois    .         Spirit   .   (helmet restricted)
rElec    .         Reflect  .   (no cloak)
rCorr    .         Harm     .   (no gloves)
MR       .....                  (no boots)
Stlth    ..........             (no amulet)
HPRegen  0.12/turn              (no ring)
MPRegen  0.09/turn              (no ring)

@: no status effects
A: horns 2
a: no special abilities


You were on level 2 of the Dungeon.
You were not hungry.

You visited 1 branch of the dungeon, and saw 2 of its levels.

You collected 89 gold pieces.

Inventory:

Hand Weapons
 a - a +0 war axe (weapon)
Armour
 b - a +0 scale mail (worn)
 c - a +0 shield (worn)
 j - a +0 chain mail
Jewellery
 p - an uncursed ring of magical power {unknown}
Scrolls
 e - a scroll of identify {unknown}
 l - a scroll of magic mapping {unknown}
 o - a scroll of blinking {unknown}
Potions
 d - 2 potions of might
 g - 3 potions of heal wounds {unknown}
 h - a potion of cancellation {unknown}
 i - a potion of lignification {unknown}
 k - 2 potions of curing {unknown}
 m - 2 potions of haste {unknown}
Comestibles
 f - 3 bread rations
 n - a fruit


   Skills:
 + Level 3.7 Fighting
 + Level 2.9 Axes
 + Level 3.3 Armour
 - Level 2.6 Shields


You had 3 spell levels left.
You didn't know any spells.

Dungeon Overview and Level Annotations

Branches:
Dungeon (2/15)

Altars:
Fedhas

Annotations:
D:2 exclusion: oklob plant


Innate Abilities, Weirdness & Mutations

You have a pair of horns on your head.


Message History

Really walk into a travel-excluded area? [Y]es or [N]o only, please.
Really walk into a travel-excluded area? [Y]es or [N]o only, please.
Really walk into a travel-excluded area? [Y]es or [N]o only, please.
Really walk into a travel-excluded area? [Y]es or [N]o only, please.
Really walk into a travel-excluded area? [Y]es or [N]o only, please.
Really walk into a travel-excluded area?
Okay, then.
You eat one of the 4 bread rations.
That bread ration really hit the spot!
Really walk into a travel-excluded area?
The oklob plant spits acid at you. The splash of acid hits you!
You are splashed with acid!
The acid burns!
You see here 3 fruits.
The oklob plant spits acid at you. The splash of acid hits you!
You die...

PP..≈≈≈≈≈≈≈≈≈..PPP###....#
PP.≈≈≈≈≈≈≈≈≈≈≈.#P#P##...†#
##.≈≈≈≈...≈≈≈≈.P#.###....#
...≈≈≈≈._.........P##....#
##.≈≈≈≈...≈≈≈≈.P#.########
#..≈≈≈≈≈≈≈≈≈≈≈.#P#.#
PP..≈≈≈≈≈≈≈≈≈..PPP.#
P#P..≈≈≈≈≈≈≈..PPP.##
#.PP..≈≈≈≈≈..#PP@###
PP.#P.......PPPP%PP#


P#PPPPP.PP#PPPP#%%## #PPPPPP#PPPP#P#.%PP# P#P#PPP.##PPPPP%P.P#
PPPP.#P#PPPPPP#P.PP# #################### You could see an oklob plant.

Vanquished Creatures
  2 adders (D:2)
  2 oozes
  A worm (D:2)
  A dart slug (D:2)
  2 leopard geckos
  3 ball pythons
  6 bats
  2 giant cockroaches
  4 goblins (D:1)
  7 hobgoblins
  2 jackals (D:2)
  2 quokkas (D:2)
  5 frilled lizards
  A giant cockroach zombie (D:2)
  6 kobolds
  2 rats
  5 fungi (D:2)
  4 plants (D:2)
57 creatures vanquished.

Notes
Turn   | Place    | Note
-------+----------+-------------------------------------------
     0 | D:1      | Deeps the Demonspawn Fighter began the quest for the Orb.
     0 | D:1      | Reached XP level 1. HP: 18/18 MP: 1/1
    15 | D:1      | Gained mutation: You have a pair of small horns on your head. [demonic ancestry]
    15 | D:1      | Reached XP level 2. HP: 18/24 MP: 2/2
   228 | D:1      | Gained mutation: You have a pair of horns on your head. [demonic ancestry]
   228 | D:1      | Reached XP level 3. HP: 28/29 MP: 3/3
   948 | D:2      | Found a blossoming altar of Fedhas.
   967 | D:2      | Noticed an oklob plant
  1084 | D:2      | Reached XP level 4. HP: 34/36 MP: 4/4
  1816 | D:2      | Killed from afar by an oklob plant

Vault maps used:
D:1:      lightli_iron_boxes
D:2:      cheibrodos_old_hovel, first_bread, tgw_fedhas

Skill      XL: |  1  2 |
---------------+-------+-----
Axes           | 2 |  2.9
Armour         | 3 |  3.3
Fighting       | |  3.7
Shields        | |  2.6

Action                   |  1- 3 |  4- 6 || total
-------------------------+-------+-------++-------
Melee: War axe           |   109 |    89 ||   198
       Headbutt          |    12 |    30 ||    42
  Eat: Chunk             |       |     2 ||     2
       Bread ration      |       |     1 ||     1
Armor: Scale mail        |    89 |    10 ||    99
Dodge: Dodged            |    39 |     7 ||    46
Block: Shield            |    81 |    14 ||    95

Table legend:
 A = Spawn XP
 B = Non-spawn XP
 C = Spawn XP percentage of total XP
 D = Spawn monster count
 E = Non-spawn monster count
 F = Spawn count percentage of total count
 G = Total turns spent on level
                    A         B        C        D         E        F      G
               +---------+---------+-------+---------+---------+-------+---------
         Total |       0 |     121 |   0.0 |       0 |      48 |   0.0 |  1816
               +---------+---------+-------+---------+---------+-------+---------
           D:1 |       0 |      53 |   0.0 |       0 |      28 |   0.0 |   501
           D:2 |       0 |      68 |   0.0 |       0 |      20 |   0.0 |  1315
               +---------+---------+-------+---------+---------+-------+---------
